 Dungeon Crawl Stone Soup version 0.31-a0-441-g867994ef1c (webtiles) character file.

Game seed: 8375396534350844297

3023 AiryTheDragon the Changeling (level 9, -7/71 HPs)
             Began as a Black Draconian Shapeshifter on Aug 3, 2023.
             Mangled by a red devil
             ... wielding a +0 trident of venom
             ... summoned by a kobold demonologist
              (16 damage)
             ... on level 6 of the Dungeon.
             The game lasted 01:22:15 (7837 turns).

AiryTheDragon the Changeling (DrSh)                 Turns: 7837, Time: 01:22:15

Health: -7/71      AC:  7    Str: 18    XL:     9   Next: 55%
Magic:  15/15      EV: 13    Int: 11    God:
Gold:   368        SH:  0    Dex: 13    Spells: 2/16 levels left

rFire   x . .        g - +9 staff of Olgreb {rPois∞}
rCold   + . .        (no shield)
rNeg    . . .        (body armour unavailable)
rPois   ∞            I - melded +2 hat
rElec   +            y - melded +0 cloak
rCorr   .            (gloves currently unavailable)
SInv    .            (boots currently unavailable)
Will    .....        (no amulet)
Stlth   +            t - ring of ice
HPRegen 0.31/turn    (no ring)
MPRegen 0.14/turn

%: no passive effects
@: confused, short of breath, beast-form, ambrosia-drunk, spiked
A: beast (slay +3), breathe lightning, AC +7, unfitting armour, electricity
resistance, cold-blooded
a: Breathe Lightning, Begin Untransformation, Evoke the Staff of Olgreb


You were on level 6 of the Dungeon.
You were a hulking beast.
You visited 2 branches of the dungeon, and saw 8 of its levels.

You collected 368 gold pieces.

Inventory:

Hand Weapons
 a - a +0 trident
 c - a +0 spear
 g - the +9 staff of Olgreb (weapon) {rPois∞}
   (You found it on level 5 of the Dungeon)

   It enhances your poison magic.
   It grants immunity to poison.
   It can be activated via the 'a'bility menu to radiate toxic energy, with
   effectiveness depending on Evocations skill.
 n - a +1 flail of protection
 o - a +2 quarterstaff of chaos
 s - a +4 dagger of freezing
Missiles
 p - 4 poisoned darts
 z - 3 boomerangs
 D - 6 javelins
Armour
 k - a +1 helmet
 y - a +0 cloak (melded)
 I - a +2 hat (melded)
Jewellery
 t - a ring of ice (left hand)
Talismans
 b - a beast talisman (active)
 C - a maw talisman
Wands
 m - a wand of flame (23)
 G - a wand of digging (2)
Scrolls
 d - a scroll of immolation
 h - 3 scrolls of poison
 i - 2 scrolls of fog
 j - 2 scrolls of revelation
 u - a scroll of enchant weapon {unknown}
 v - a scroll of amnesia {unknown}
 x - a scroll of noise {unknown}
 A - a scroll of vulnerability {unknown}
 E - a scroll of blinking
 J - a scroll of brand weapon {unknown}
 L - a scroll of enchant armour {unknown}
Potions
 e - 2 potions of curing
 f - a potion of berserk rage
 l - a potion of ambrosia
 q - a potion of magic
 r - a potion of resistance {unknown}
 w - a potion of experience {unknown}
 B - 3 potions of degeneration
 F - a potion of brilliance {unknown}
 H - a potion of haste {unknown}
 K - a potion of invisibility {unknown}


   Skills:
 + Level 4.0 Fighting
 + Level 0.9 Short Blades
 + Level 0.2(2.5) Maces & Flails
 + Level 4.2(5.1) Polearms
 + Level 4.1(5.0) Staves
 + Level 2.0 Throwing
 + Level 3.8 Dodging
 + Level 2.6 Stealth
 + Level 3.2 Unarmed Combat
 + Level 4.1 Spellcasting
 * Level 3.9 Summonings
 + Level 0.1 Necromancy
 + Level 3.5 Transmutations
 + Level 3.1 Evocations
 * Level 5.1 Shapeshifting


You had 2 spell levels left.
You knew the following spells:

 Your Spells              Type           Power      Damage    Failure   Level
a - Wereblood             Tmut           10%        N/A       9%          2
b - Vampiric Draining     Necr           2%         2d6       56%         3
c - Summon Hydra          Summ           5%         N/A       100%        7
d - Searing Ray           Conj           4%         2d4       34%         2

Your spell library contained the following spells:

 Spells                   Type           Power      Damage    Failure   Level
 Necrotise                Necr           8%         1d4       22%         1
 Magic Dart               Conj           8%         1d3       24%         1
 Sublimation of Blood     Necr           2%         N/A       34%         2
 Inner Flame              Hex/Fire       2%         N/A       56%         3
 Flame Wave               Conj/Fire      2%         2d4       93%         4
 Fulminant Prism          Conj/Hex       1%         3d5       93%         4
 Sticky Flame             Conj/Fire      2%         2d3       93%         4
 Agony                    Necr           2%         N/A       99%         5


Dungeon Overview and Level Annotations

Branches:
Dungeon (7/15)             Temple (1/1) D:5

Altars:
Ashenzari
Cheibriados
Dithmenos
Elyvilon
Fedhas
Nemelex Xobeh
Okawaru
Qazlal
Ru
Sif Muna
Trog
Uskayaw
Vehumet
Xom
Yredelemnul

Shops:
D:1 [

Annotations:
D:6 1 transporter


Innate Abilities, Weirdness & Mutations

You are a hulking beast.
Your limbs bulge with bestial killing power. (Slay +3)
You can breathe wild blasts of lightning.
Your glossy black scales are hard. (AC +7)
You cannot fit into any form of body armour.
You are resistant to electric shocks. (rElec)
You are cold-blooded and may be slowed by cold attacks.


Message History

Press: ? - help, Dir - look around, f - activate Look: an orc priest, wielding a +0 falchion (lightly wounded, poisoned)
You breathe a wild blast of lightning!
The orb of electricity explodes!
The orb of electricity engulfs the orc priest.
The orc priest is moderately wounded.
The bolt of lightning misses the shadow imp.
The bolt of lightning hits the shadow imp!
You kill the shadow imp!
The orb of electricity explodes!
The orb of electricity engulfs the plant!
The plant begins to die.
The plant is lightly damaged.
The orb of electricity engulfs the plant!
The plant begins to die.
The plant is lightly damaged.
The kobold demonologist looks even sicker.
The orc priest looks even sicker.
Your toxic aura wanes.
The orc priest invokes the aid of Beogh against you.
Pain shoots through your body!
The red devil hits you from afar with a +0 trident of venom!
* * * LOW HITPOINT WARNING * * *
Barbed spikes become lodged in your body.
You feel better.
The orc priest calls down the wrath of Beogh upon you.
Pain shoots through your body!
* * * LOW HITPOINT WARNING * * *
The shadow imp spits at you.
The kobold demonologist casts a spell.
The red devil hits you from afar with a +0 trident of venom!
* * * LOW HITPOINT WARNING * * *
Barbed spikes become lodged in your body.
Okay, then.
Okay, then.
You are confused.
You feel invigorated. The white imp gestures at you.
The puff of frost misses you.
The red devil hits you from afar with a +0 trident of venom!
You die...

## ## ###################
########## .# #.................#
#......... .###.###############.#
#.........
...#.#8~#..5oK5o#P8#.###########.
##.#.#P.#≈≈≈5≈≈≈#.P#.#...........
#...#$)#..~5~..#..#...####>.###.
#..©#©.+..~♣~45h.©#©..####..# #.
##..#$/#..P~~..#..#...#'##..###.
##.#P.#≈≈≈≈≈≈≈#.P#......#.>....
#.#8~#.K.55o5#P8#......##.####
#.###############......'..#
#......................#######
###################...........
#.......###....####.#
#######.#####.# #....# #..


You could see 2 kobold demonologists, a red devil (summoned), 3 orc priests, 3
quasits, 2 white imps and 3 shadow imps.

Vanquished Creatures
  A hornet (D:5)
  A spriggan (D:7)
  A steam dragon (D:7)
  3 water moccasins
  2 orc warriors
  2 black bears
  3 ice beasts
  3 ogres
  2 phantoms
  A bullfrog (D:6)
  2 scorpions
  10 killer bees (D:7)
  A howler monkey (D:6)
  An orc priest (D:7)
  Crazy Yiuf (D:4)
  A hound (D:5)
  A gnoll bouda (D:7)
  Terence (D:2)
  2 orc wizards
  2 iguanas
  A sleepcap (D:4)
  11 adders
  4 gnolls (D:7)
  3 shadow imps (D:6)
  An ufetubus (D:6)
  A worm (D:2)
  A dart slug (D:3)
  11 orcs
  9 ball pythons
  6 bats
  8 endoplasms
  3 giant cockroaches
  7 hobgoblins
  4 jackals (D:4)
  9 kobolds
  7 quokkas
  5 frilled lizards
  13 goblins
  3 rats
  A spectral orc (D:6)
149 creatures vanquished.

Notes
Turn   | Place    | Note
-------+----------+-------------------------------------------
     0 | D:1      | AiryTheDragon the Draconian Shapeshifter began the quest
                  | for the Orb.
     0 | D:1      | Reached XP level 1. HP: 16/16 MP: 1/1
   104 | D:1      | Found a faded altar of an unknown god.
   132 | D:1      | Reached XP level 2. HP: 23/23 MP: 2/2
   199 | D:1      | Found Qit Pavu's Armour Emporium.
   349 | D:1      | Reached skill level 1 in Polearms
   479 | D:1      | Reached XP level 3. HP: 28/28 MP: 3/3
   484 | D:1      | Learned a level 2 spell: Wereblood
  1087 | D:2      | Reached XP level 4. HP: 35/35 MP: 1/4
  1247 | D:2      | Noticed Terence
  1271 | D:2      | Killed Terence
  1827 | D:3      | Found a white marble altar of Elyvilon.
  2117 | D:3      | Reached skill level 1 in Spellcasting
  2120 | D:3      | Reached XP level 5. HP: 34/40 MP: 0/6
  2124 | D:3      | Learned a level 3 spell: Vampiric Draining
  2343 | D:3      | Found a blossoming altar of Fedhas.
  2352 | D:3      | Found a shimmering blue altar of Sif Muna.
  2749 | D:4      | Reached skill level 1 in Evocations
  2875 | D:4      | Noticed a phantom
  2888 | D:4      | Killed a phantom
  2889 | D:4      | Reached XP level 6. HP: 41/48 MP: 6/8
  3018 | D:4      | Reached skill level 1 in Transmutations
  3541 | D:4      | Found a runed translucent door.
  3542 | D:4      | Noticed Crazy Yiuf
  3554 | D:4      | HP: 1/46 [Crazy Yiuf/+2 quarterstaff of chaos (13)]
  3605 | D:5      | Entered Level 5 of the Dungeon
  3764 | D:5      | Found a stormy altar of Qazlal.
  3796 | D:5      | Noticed an ice beast
  3804 | D:5      | Killed an ice beast
  3805 | D:5      | Your scales start taking on a glossy black colour.
  3805 | D:5      | Reached XP level 7. HP: 45/55 MP: 9/9
  3805 | D:5      | Gained mutation: You are resistant to electric shocks.
                  | (rElec) [Black Draconian growth]
  3851 | D:5      | Found the +9 staff of Olgreb {rPois∞}
  4026 | D:5      | Found a staircase to the Ecumenical Temple.
  4035 | D:5      | Reached skill level 1 in Staves
  4035 | D:5      | Reached skill level 4 in Shapeshifting
  4071 | Temple   | Entered the Ecumenical Temple
  4293 | D:5      | Noticed a hornet
  4297 | D:5      | Killed a hornet
  4298 | D:5      | Reached skill level 1 in Throwing
  4298 | D:5      | Reached XP level 8. HP: 63/63 MP: 0/11
  4403 | D:5      | Found a bloodstained altar of Trog.
  4572 | D:4      | Learned a level 7 spell: Summon Hydra
  4636 | D:4      | Killed Crazy Yiuf
  4971 | D:6      | Reached skill level 1 in Summonings
  5001 | D:6      | Found an iron altar of Okawaru.
  5380 | D:6      | Reached skill level 1 in Stealth
  5511 | D:6      | Found a basalt altar of Yredelemnul.
  5647 | D:6      | Found a transporter.
  5651 | D:6      | Noticed a kobold demonologist
  5651 | D:6      | Noticed a kobold demonologist
  5663 | D:6      | Found a transporter.
  6633 | D:7      | Reached XP level 9. HP: 34/71 MP: 5/14
  6947 | D:7      | Learned a level 2 spell: Searing Ray
  7491 | D:7      | Reached skill level 5 in Shapeshifting
  7833 | D:6      | Noticed a red devil
  7837 | D:6      | Mangled by a red devil

Illustrated notes

Levels and vault maps discovered:
D:1:      eino_arrival_cavern_a, layout_loops_ring, serial_shops,
          nicolae_shop_statue_plus, nicolae_ecumenical_lake_church,
          minmay_gold_behind_fungi, serial_bayou_lagoon_a
D:2:      layout_basic, chequers_jeans, minmay_shallow_snake_nest, uniq_terence
D:3:      layout_basic, marbit_many_paths, mainiacjoe_overflow_swirl,
          minmay_misc_feat_four_crosses, nicolae_underground_beach
D:4:      layout_basic, due_unseen_surprise, uniq_crazy_yiuf_cottage
D:5:      layout_loops_ring, mainiacjoe_overflow_small_starburst,
          general_overflow_altar, minmay_temple_entry_junction_2
D:6:      gammafunk_wand_slinger, layout_basic, kennysheep_mini_moat,
          yredelemnul_forgotten_temple_becter
D:7:      nicolae_cairo_tiling_very_big, layout_basic, the_hattery
Temple:   nicolae_temple_bog_church

Skill      XL: |  1  2  3  4  5  6  7  8  9 |
---------------+----------------------------+-----
Dodging        | 2 3 |  3.8
Polearms       | 1 2 3 4 |  4.2
Spellcasting   | 1 2 3 4 |  4.1
Evocations     | 1 2 3 |  3.1
Fighting       | 2 3 4 |  4.0
Transmutations | 1 3 |  3.5
Staves         | 2 3 4 |  4.1
Shapeshifting  | 4 5 |  5.1
Throwing       | 1 2 |  2.0
Summonings     | 3 |  3.9
Stealth        | 1 2 |  2.6
Short Blades   | |  0.9
Maces & Flails | |  0.2
Unarmed Combat | |  3.2
Necromancy     | |  0.1

Action                     |  1- 3 |  4- 6 |  7- 9 || total
---------------------------+-------+-------+-------++-------
  Melee: Spear             |   114 |    23 |       ||   137
         Tailslap          |    11 |    11 |     7 ||    29
         Trident           |       |   130 |       ||   130
         Flail             |       |     3 |       ||     3
         Punch             |       |     2 |     1 ||     3
         Dagger            |       |     8 |       ||     8
         Staff             |       |       |    95 ||    95
         Maw               |       |       |     2 ||     2
  Throw: Dart              |       |     4 |    11 ||    15
         Javelin           |       |       |     3 ||     3
   Cast: Wereblood         |       |    18 |    18 ||    36
Ability: Evoke the Staff o |       |       |    27 ||    27
         Breathe Lightning |       |       |     7 ||     7
  Evoke: Wand              |       |    15 |     1 ||    16
    Use: Potion            |       |     5 |     4 ||     9
         Scroll            |       |     3 |     6 ||     9
   Stab: Sleeping          |     1 |       |     2 ||     3
 Armour: Skin              |    23 |    58 |    31 ||   112
  Dodge: Dodged            |    51 |    74 |    78 ||   203
         Form:             |       |       |     2 ||     2
         Beast             |       |       |     2 ||     2
         Maw               |       |       |     1 ||     1

Table legend: (Time is in decaauts)
 A = Elapsed time spent in this place.
 B = Non-inter-level travel time spent in this place.
 C = Inter-level travel time spent in this place.
 D = Time resting spent in this place.
 E = Time spent auto-exploring this place.
 F = Levels seen in this place.
 G = Mean time per level.
                   A        B        C        D        E       F      G
               +--------+--------+--------+--------+--------+-----+--------+
         Total |   7879 |   7525 |    354 |    289 |   5868 |   8 |  984.9 |
       Dungeon |   7877 |   7523 |    354 |    289 |   5868 |   7 | 1125.3 |
        Temple |      1 |      1 |      0 |      0 |      0 |   1 |    1.0 |
               +--------+--------+--------+--------+--------+-----+--------+

Top non-repeatable levels by time:
     D:6: 1573 daAuts
     D:4: 1434 daAuts
     D:7: 1209 daAuts
     D:5: 1028 daAuts
     D:1: 939 daAuts
     D:3: 880 daAuts
     D:2: 811 daAuts
  Temple: 1 daAuts
